 Dungeon Crawl Stone Soup version 0.31-a0-152-g6aa68a64a1 (webtiles) character file.

Game seed: 15291576196420572363

52 qw the Shooter (level 3, 0/23 HPs)
             Began as a Gargoyle Hunter on June 11, 2023.
             Slain by an orc
             ... wielding a +0 hand axe
              (3 damage)
             ... on level 2 of the Dungeon.
             The game lasted 00:00:30 (1639 turns).

qw the Shooter (Gargoyle Hunter)                    Turns: 1639, Time: 00:00:31

Health: 0/23       AC:  7    Str: 14    XL:     3   Next: 85%
Magic:  3/3        EV: 11    Int:  9    God:
Gold:   122        SH:  0    Dex: 15    Spells: 2/2 levels left

rFire   . . .        Y - +1 shortbow
rCold   . . .        (shield currently unavailable)
rNeg    + . .        c - +0 leather armour
rPois   inf          (no helmet)
rElec   +            (no cloak)
rCorr   .            h - +0 pair of gloves
SInv    .            (no boots)
Will    .....        (no amulet)
Stlth   ++           (no ring)
HPRegen 0.23/turn    (no ring)
MPRegen 0.08/turn

%: no passive effects
@: mighty
A: sickness immunity, AC +3, negative energy resistance 1, electricity
resistance, torment resistance 1, petrification resistance
a: no special abilities


You were on level 2 of the Dungeon.
You visited 1 branch of the dungeon, and saw 3 of its levels.

You collected 122 gold pieces.


Innate Abilities, Weirdness & Mutations

You are immune to sickness and miasma.
Your stone body is resilient. (AC +3)
You are immune to poison.
You resist negative energy. (rN+)
You are resistant to electric shocks. (rElec)
You are resistant to unholy torment.
You are immune to petrification.


   Skills:
 - Level 3.0 Fighting
 + Level 5.0 Ranged Weapons
 - Level 1.5 Dodging
 - Level 1.1 Stealth


You had 2 spell levels left.
You didn't know any spells.
Your spell library was empty.

Inventory:

Hand Weapons
 Y - a +1 shortbow (weapon)
Armour
 c - a +0 leather armour (worn)
 h - a +0 pair of gloves (worn)
Potions
 a - a potion of might
 b - 2 potions of attraction
 d - a potion of magic {unknown}
 e - a potion of enlightenment {unknown}
 f - a potion of brilliance {unknown}

Dungeon Overview and Level Annotations

Branches:
Dungeon (3/15)

Altars:


Message History

The ball python constricts you. The orc hits you but does no damage.
The frilled lizard barely misses you. The orc hits you but does no damage.
You shoot an arrow. The arrow hits the ball python!
You kill the ball python!
The orc hits you but does no damage.
The frilled lizard unfolds its giant frill.
The frilled lizard closely misses you. The orc barely misses you.
The orc hits you with a +0 mace. The orc barely misses you.
1634 ||| STAIRDANCE The orc barely misses you.
The frilled lizard barely misses you. The orc closely misses you.
The orc misses you.
You climb upwards.
Reactivating autopickup.
There is a stone staircase leading down here.
Enter note:
Enter note:
Enter note:
Enter note:
Enter note:
Enter note:
Enter note:
Enter note:
Enter note:
Enter note:
Enter note:
Enter note: You shoot an arrow.
The arrow hits the orc.
The orc is lightly wounded.
The orc hits you with a +0 mace. The orc hits you but does no damage.
The orc misses you. The orc hits you but does no damage.
You shoot an arrow. The arrow hits the orc.
The orc is moderately wounded.
The orc hits you but does no damage. x4
You shoot an arrow. The arrow barely misses the orc.
The orc closely misses you. The orc hits you with a +0 hand axe.
The orc hits you but does no damage. The orc hits you with a +0 hand axe.
You shoot an arrow. The arrow hits the orc.
The orc is heavily wounded.
The orc closely misses you. The orc hits you with a +0 hand axe.
You die...

#.######.##.##.#
#.....# #
#........##..>.#
#.##### #
##############.# #.#
# #.#######.# #
#.........# #######
#.######### ......#
#.# .####.#
##o####### .# #.#
#lo@o....###### .#
##.#####
#.o##.........# .#
#......#
##......#.####.# .#
#..###.###.........#
#.# .###%.#
#..........##.# #.#
......#
#######..###.## #.#
#....## #.#.#.## #.#
#.#..# #.##.## #.#
#...## ##'#### #.#


You could see 4 orcs and a frilled lizard.

Vanquished Creatures
  A worm (D:2)
  2 dart slugs
  4 endoplasms
  A giant cockroach (D:2)
  4 goblins
  6 hobgoblins
  A kobold (D:1)
  2 quokkas (D:1)
  10 ball pythons
  3 bats
  9 rats
43 creatures vanquished.

Notes
Turn   | Place    | Note
-------+----------+-------------------------------------------
     0 | D:1      | qw the Gargoyle Hunter began the quest for the Orb.
     0 | D:1      | Reached XP level 1. HP: 12/12 MP: 1/1
     0 | D:1      | 0 ||| qw: Version: 0.2-a-29-g7dc7884
     0 | D:1      | 0 ||| qw: Game counter: 4041
     0 | D:1      | 0 ||| qw: Always use a shield: true
     0 | D:1      | 0 ||| qw: God list: Okawaru
     0 | D:1      | 0 ||| qw: Allow faded altars: false
     0 | D:1      | 0 ||| qw: Do Orc after D:15 true
     0 | D:1      | 0 ||| qw: Do second Lair branch before Depths: true
     0 | D:1      | 0 ||| qw: Lair rune preference: random
     0 | D:1      | 0 ||| qw: Plans: Normal, Zot:1-4, Slime:5, God:TSO, Crypt,
                  | Tomb, Abyss, Pan, Hells, Win
     0 | D:1      | 0 ||| PLANNING D:1-11
    28 | D:1      | HP: 3/12 [quokka (3)]
   112 | D:1      | Reached XP level 2. HP: 17/17 MP: 2/2
   142 | D:1      | Found a faded altar of an unknown god.
   274 | D:1      | 274 ||| FLEEEEING.
   359 | D:1      | Reached XP level 3. HP: 21/21 MP: 3/3
   661 | D:1      | Reached skill level 5 in Ranged Weapons
   714 | D:1      | 714 ||| UPGRADING to +0 pair of gloves.
   719 | D:1      | 719 ||| READING scroll labelled UFUUTT REGG.
   720 | D:1      | 720 ||| DROPPING scroll of butterflies.
  1515 | D:2      | Reached skill level 3 in Fighting
  1589 | D:2      | 1589 ||| DRINKING 2 dark potions.
  1590 | D:2      | 1590 ||| DRINKING 3 grey potions.
  1626 | D:3      | 1626 ||| STAIRDANCE
  1628 | D:3      | 1628 ||| STAIRDANCE
  1630 | D:3      | 1630 ||| STAIRDANCE
  1634 | D:3      | 1634 ||| STAIRDANCE
  1638 | D:2      | HP: 5/23 [orc/+0 hand axe (5)]
  1639 | D:2      | Slain by an orc

Levels and vault maps discovered:
D:1:      reono_arrival_forest_river, layout_loops_ring,
          chequers_ecumenical_altar_simple_redux
D:2:      layout_loops_corners
D:3:      layout_basic, mainiacjoe_overflow_cross_hatched, hellmonk_no_cap

Skill      XL: |  1  2  3 |
---------------+----------+-----
Ranged Weapons | 5 |  5.0
Fighting       | 3 |  3.0
Dodging        | |  1.5
Stealth        | |  1.1

Action                     || total
---------------------------++-------
   Fire: Shortbow          ||   108
    Use: Potion            ||     2
         Scroll            ||     1
 Armour: Leather armour    ||    30
  Dodge: Dodged            ||    36

Table legend:
 A = Non-vault XP
 B = Vault XP
 C = Vault XP percentage of total XP
 D = Non-vault monster count
 E = Vault monster count
 F = Vault count percentage of total count
                 A         B        C        D         E       F
            +---------+---------+-------+---------+---------+-------
      Total |      75 |       0 |   0.0 |      43 |       0 |   0.0
            +---------+---------+-------+---------+---------+-------
        D:1 |      40 |       0 |   0.0 |      25 |       0 |   0.0
        D:2 |      34 |       0 |   0.0 |      17 |       0 |   0.0
        D:3 |       1 |       0 |   0.0 |       1 |       0 |   0.0
            +---------+---------+-------+---------+---------+-------
